 Dungeon Crawl Stone Soup version 0.31-a0-1469-gd420192249 (webtiles) character file.

Game seed: 13018832360349907272

189 silenth the Trooper (level 5, -1/55 HPs)
             Began as an Oni Warper on Dec 28, 2023.
             Killed from afar by a white imp (5 damage)
             ... with a puff of frost
             ... on level 3 of the Dungeon.
             The game lasted 00:03:03 (1760 turns).

silenth the Trooper (Oni Warper)                    Turns: 1760, Time: 00:03:05

Health: -1/55      AC:  3    Str: 15    XL:     5   Next: 68%
Magic:  8/8        EV:  9    Int: 16    God:
Gold:   111        SH:  0    Dex:  8    Spells: 1/8 levels left

rFire   . . .        a - +0 mace
rCold   . . .        (no shield)
rNeg    . . .        b - +0 robe
rPois   .            (helmet restricted)
rElec   .            (no cloak)
rCorr   .            (gloves unavailable)
SInv    .            (boots unavailable)
Will    .....        l - amulet of the acrobat
Stlth   +            (no ring)
HPRegen 0.29/turn    (no ring)
MPRegen 0.11/turn

%: acrobat
@: no status effects
A: large, unfitting armour, horns 1, tough skin 1, double potion healing,
drunken brawling
a: no special abilities


You were on level 3 of the Dungeon.
You visited 1 branch of the dungeon, and saw 3 of its levels.

You collected 111 gold pieces.

Inventory:

Hand Weapons
 a - a +0 mace (weapon)
Missiles
 d - 7 darts of dispersal (quivered)
Armour
 b - a +0 robe (worn)
Jewellery
 l - an amulet of the acrobat (around neck)
Scrolls
 c - a scroll of blinking
 f - 4 scrolls of identify {unknown}
 g - a scroll of poison {unknown}
 h - 2 scrolls of vulnerability {unknown}
 m - a scroll of teleportation {unknown}
 n - a scroll of fear {unknown}
 o - a scroll of revelation {unknown}
Potions
 e - 2 potions of lignification
 i - 2 potions of magic {unknown}
 j - a potion of attraction {unknown}


   Skills:
 + Level 4.8 Fighting
 * Level 4.8 Maces & Flails
 - Level 1.0 Throwing
 - Level 2.1 Dodging
 - Level 2.4 Spellcasting
 - Level 2.6 Translocations


You had one spell level left.
You knew the following spells:

 Your Spells              Type           Power      Damage    Failure   Level
a - Blink                 Tloc           20%        N/A       10%         2
b - Lesser Beckoning      Tloc           20%        N/A       10%         2
c - Teleport Other        Tloc           10%        N/A       21%         3

Your spell library contained the following spells:

 Spells                   Type           Power      Damage    Failure   Level
 Manifold Assault         Tloc           10%        N/A       54%         4
 Vhi's Electric Charge    Tloc/Air       12%        N/A       75%         4


Dungeon Overview and Level Annotations

Branches:
Dungeon (3/15)

Altars:


Innate Abilities, Weirdness & Mutations

You are too large for most types of armour.
You have a pair of small horns on your head.
You have tough skin. (AC +1)
You gain doubled healing and magic from potions.
Whenever you drink a healing potion, you attack all around you.


Message History

The black bear claws you but does no damage.
The black bear closely misses you.
You hit the black bear but do no damage.
The black bear is heavily wounded.
The white imp barely misses you. The black bear bites you.
The black bear claws you.
* * * LOW HITPOINT WARNING * * *
The black bear claws you but does no damage.
You take a swig of the potion and twirl your +0 mace.
You hit the white imp. Your headbutt misses the white imp.
The white imp is lightly wounded.
You sock the black bear!
The black bear is almost dead.
You savour every drop.
You feel better. The white imp misses you.
The black bear goes berserk!
You hit the black bear. Your headbutt misses the black bear.
The black bear is almost dead.
The black bear bites you! The black bear claws you. x2
* * * LOW HITPOINT WARNING * * *
The white imp hits you.
* * * LOW HITPOINT WARNING * * *
The white imp freezes you.
* * * LOW HITPOINT WARNING * * *
The black bear closely misses you.
The black bear claws you but does no damage.
The black bear claws you.
* * * LOW HITPOINT WARNING * * *
You hit the black bear.
You kill the black bear!
The white imp hits you but does no damage.
You have reached level 5!
You hit the white imp but do no damage.
The white imp is lightly wounded.
The white imp barely misses you.
You barely miss the white imp.
The white imp is lightly wounded.
The white imp barely misses you. The white imp gestures at you.
The puff of frost hits you.
You die...

#.##..# ......#
###...##.$.....# ......#
....!.......)#.. ......#
#.......?..#..... ......#
#..............## ......#
#.....[.......).# ....<.#
#.............#.# ......#
#........5.......
....).###.......@†...#
............##.###..##
.......##.####.###†.# .
###...............?.####..
#..####..................
#.# #...##.#............
... #....................
... ......................
#. ......#.♣..............


You could see a white imp.

Vanquished Creatures
  A black bear (D:3)
  A hound (D:2)
  A gnoll (D:1)
  A worm (D:2)
  3 dart slugs (D:1)
  4 endoplasms
  A giant cockroach (D:3)
  5 goblins
  2 hobgoblins (D:1)
  3 jackals (D:1)
  4 ball pythons
  5 bats
  A frilled lizard (D:2)
  6 kobolds
  9 rats
47 creatures vanquished.

Notes
Turn   | Place    | Note
-------+----------+-------------------------------------------
     0 | D:1      | silenth the Oni Warper began the quest for the Orb.
     0 | D:1      | Reached XP level 1. HP: 22/22 MP: 3/3
    74 | D:1      | Reached skill level 3 in Fighting
    74 | D:1      | Reached XP level 2. HP: 24/31 MP: 5/5
   247 | D:1      | Learned a level 2 spell: Blink
   250 | D:1      | Learned a level 2 spell: Lesser Beckoning
   426 | D:1      | Reached skill level 3 in Maces & Flails
   426 | D:1      | Reached XP level 3. HP: 37/37 MP: 6/6
  1083 | D:2      | Reached skill level 4 in Fighting
  1083 | D:2      | Reached XP level 4. HP: 24/48 MP: 7/7
  1710 | D:3      | Reached skill level 4 in Maces & Flails
  1718 | D:3      | Learned a level 3 spell: Teleport Other
  1731 | D:3      | Noticed a black bear
  1757 | D:3      | HP: 3/48 [black bear (2)]
  1758 | D:3      | Killed a black bear
  1759 | D:3      | Reached XP level 5. HP: 4/55 MP: 8/8
  1760 | D:3      | Killed from afar by a white imp

Illustrated notes

Levels and vault maps discovered:
D:1:      mrwooster_arrival_statue_2, layout_rooms
D:2:      layout_basic, kennysheep_minor_cross
D:3:      layout_rooms, serial_shops, shop, chequers_mini_garden, uniq_jessica

Skill      XL: |  1  2  3  4 |
---------------+-------------+-----
Fighting       | 3 4 |  4.8
Maces & Flails | 3 4 |  4.8
Throwing       | |  1.0
Dodging        | |  2.1
Spellcasting   | |  2.4
Translocations | |  2.6

Action                     |  1- 3 |  4- 6 || total
---------------------------+-------+-------++-------
  Melee: Mace              |   103 |    37 ||   140
         Headbutt          |    12 |     6 ||    18
   Cast: Lesser Beckoning  |     1 |       ||     1
         Blink             |       |     1 ||     1
    Use: Potion            |     1 |     2 ||     3
 Armour: Robe              |    79 |    48 ||   127
         Skin              |     9 |       ||     9
  Dodge: Dodged            |    60 |    51 ||   111

Table legend: (Time is in decaauts)
 A = Elapsed time spent in this place.
 B = Non-inter-level travel time spent in this place.
 C = Inter-level travel time spent in this place.
 D = Time resting spent in this place.
 E = Time spent auto-exploring this place.
 F = Levels seen in this place.
 G = Mean time per level.
                   A        B        C        D        E       F      G
               +--------+--------+--------+--------+--------+-----+--------+
         Total |   1792 |   1735 |     57 |    337 |   1054 |   3 |  597.3 |
       Dungeon |   1792 |   1735 |     57 |    337 |   1054 |   3 |  597.3 |
               +--------+--------+--------+--------+--------+-----+--------+

Top non-repeatable levels by time:
     D:2: 931 daAuts
     D:1: 802 daAuts
     D:3: 59 daAuts
